 Dungeon Crawl Stone Soup version 0.29.0-4-gdea44cf6ec (webtiles) character file.

Game seed: 6101942642757581448

49 qw the Chopper (level 3, -3/21 HPs)
             Began as a Tengu Warper on Aug 28, 2022.
             Slain by an orc priest
             ... wielding a +0 hand axe
              (4 damage)
             ... on level 3 of the Dungeon.
             The game lasted 00:00:15 (2273 turns).

qw the Chopper (Tengu Warper)                       Turns: 2273, Time: 00:00:16

Health: -3/21      AC:  8    Str: 13    XL:     3   Next: 75%
Magic:  7/7        EV:  6    Int: 13    God:
Gold:   119        SH:  0    Dex: 13    Spells: 6/6 levels left

rFire   . . .      SeeInvis .   Y - +0 hand axe
rCold   . . .      Faith    .   (no shield)
rNeg    . . .      Spirit   .   h - +0 chain mail
rPois   .          Reflect  .   (helmet restricted)
rElec   .          Harm     .   (no cloak)
rCorr   .          Rampage  .   (no gloves)
Will    .....                   (boots unavailable)
Stlth   ..........              (no amulet)
HPRegen 0.07/turn               (no ring)
MPRegen 0.10/turn               (no ring)

@: no status effects
A: beak, talons 3
a: no special abilities


You were on level 3 of the Dungeon.
You visited 1 branch of the dungeon, and saw 3 of its levels.

You collected 119 gold pieces.


Innate Abilities, Weirdness & Mutations

You have a beak for a mouth.
You have claws for feet.


   Skills:
 - Level 2.0 Fighting
 + Level 4.4 Axes
 - Level 1.0 Throwing
 - Level 1.1 Armour
 - Level 2.1 Dodging
 - Level 2.0 Spellcasting
 - Level 2.4 Translocations


You had 6 spell levels left.
You didn't know any spells.
Your spell library contained the following spells:

 Spells                   Type           Power      Damage    Failure   Level
 Blink                    Tloc           14%        N/A       99%         2
 Gell's Gravitas          Tloc           7%         N/A       100%        3
 Lesser Beckoning         Tloc           7%         N/A       100%        3
 Teleport Other           Tloc           7%         N/A       100%        3
 Manifold Assault         Tloc           7%         N/A       100%        5

Inventory:

Hand Weapons
 d - a +0 whip
 Y - a +0 hand axe (weapon)
Armour
 h - a +0 chain mail (worn)
Jewellery
 k - a ring of fire
Potions
 a - a potion of might
 c - a potion of lignification {unknown}
 f - a potion of flight {unknown}
 g - a potion of mutation {unknown}

Dungeon Overview and Level Annotations

Branches:
Dungeon (3/15)

Altars:


Message History

Found an escape hatch in the floor.
An endoplasm comes into view.
The endoplasm quivers.
You hit the endoplasm. You claw the endoplasm.
You kill the endoplasm!
Found an escape hatch in the ceiling.
Enter note:
There is an escape hatch in the ceiling here.
An orc priest comes into view. It is wielding a +0 hand axe.
An orc comes into view. It is wielding a +0 flail.
The orc shouts!
You hear a shout!
An orc comes into view. It is wielding a +0 club.
The orc shouts!
The orc priest hits you but does no damage.
You hit the orc priest but do no damage.
The orc priest calls down the wrath of Beogh upon you.
Beogh smites you!
Ouch! That really hurt!
You hit the orc priest but do no damage.
You claw the orc priest, but do no damage.
You peck the orc priest, but do no damage.
The orc priest hits you but does no damage.
You closely miss the orc priest. You claw the orc priest.
The orc priest is moderately wounded.
The orc priest barely misses you.
You hit the orc priest.
The orc priest is heavily wounded.
The orc priest hits you with a +0 hand axe.
You hit the orc priest. Your kick misses the orc priest.
The orc priest is heavily wounded.
The orc priest hits you with a +0 hand axe.
You hit the orc priest. Your kick misses the orc priest.
The orc priest is severely wounded.
The orc priest hits you but does no damage.
You closely miss the orc priest.
You claw the orc priest, but do no damage.
Your peck misses the orc priest.
The orc priest is severely wounded.
The orc priest hits you with a +0 hand axe.
You die...

........................[#
#
###.##.#####.#############
#. #.# #<# #. ### #.#
#######.######
.............#
#######.###.## #.# #@# #o#
#o# #o# #.# #.# #.# #.#


You could see an orc priest and 2 orcs.

Vanquished Creatures
  2 dart slugs
  A worm (D:2)
  5 bats (D:1)
  4 endoplasms
  9 goblins
  3 hobgoblins
  3 quokkas
  2 ball pythons
  2 frilled lizards
  5 kobolds
  3 rats
39 creatures vanquished.

Notes
Turn   | Place    | Note
-------+----------+-------------------------------------------
     0 | D:1      | qw the Tengu Warper began the quest for the Orb.
     0 | D:1      | Reached XP level 1. HP: 12/12 MP: 4/4
     0 | D:1      | 0 ||| qw: Version: 0.1-a-89-g26bdef1
     0 | D:1      | 0 ||| qw: Game counter: 267
     0 | D:1      | 0 ||| qw: Always use a shield: true
     0 | D:1      | 0 ||| qw: God list: Okawaru
     0 | D:1      | 0 ||| qw: Allow faded altars: false
     0 | D:1      | 0 ||| qw: Do Orc after D:15 true
     0 | D:1      | 0 ||| qw: Do second Lair branch before Depths: true
     0 | D:1      | 0 ||| qw: Lair rune preference: random
     0 | D:1      | 0 ||| qw: Plans: Normal
     0 | D:1      | 0 ||| PLANNING D:1-11
    69 | D:1      | 69 ||| Stepping ~*~*~tactically~*~*~ (stealth).
    75 | D:1      | 75 ||| Stepping ~*~*~tactically~*~*~ (hiding).
    79 | D:1      | Reached XP level 2. HP: 17/17 MP: 6/6
    86 | D:1      | Reached skill level 3 in Axes
   253 | D:1      | 253 ||| Stepping ~*~*~tactically~*~*~ (stealth).
   473 | D:1      | 473 ||| DROPPING +0 club.
   482 | D:1      | 482 ||| Stepping ~*~*~tactically~*~*~ (stealth).
   697 | D:1      | 697 ||| Stepping ~*~*~tactically~*~*~ (hiding).
   868 | D:1      | Reached XP level 3. HP: 21/21 MP: 7/7
   899 | D:1      | Found a faded altar of an unknown god.
  1017 | D:1      | 1017 ||| UPGRADING to +0 chain mail.
  1027 | D:1      | 1027 ||| DROPPING +0 leather armour.
  1028 | D:1      | 1028 ||| READING scroll labelled WAMETT UHIEKO.
  1029 | D:1      | 1029 ||| READING scroll labelled DIANAT ONNONI.
  1030 | D:1      | 1030 ||| READING scroll labelled ULYMUVV YDUUT.
  1031 | D:1      | 1031 ||| DROPPING scroll of blinking.
  1172 | D:2      | 1172 ||| Stepping ~*~*~tactically~*~*~ (stealth).
  1258 | D:2      | Reached skill level 4 in Axes
  1296 | D:2      | 1296 ||| FLEEEEING.
  1297 | D:2      | 1297 ||| FLEEEEING.
  1298 | D:2      | 1298 ||| FLEEEEING.
  1299 | D:2      | 1299 ||| FLEEEEING.
  1300 | D:2      | 1300 ||| FLEEEEING.
  1301 | D:2      | 1301 ||| FLEEEEING.
  1302 | D:2      | 1302 ||| FLEEEEING.
  1303 | D:2      | 1303 ||| FLEEEEING.
  1304 | D:2      | 1304 ||| FLEEEEING.
  1305 | D:2      | 1305 ||| FLEEEEING.
  1306 | D:2      | 1306 ||| FLEEEEING.
  1307 | D:2      | 1307 ||| FLEEEEING.
  1308 | D:2      | 1308 ||| FLEEEEING.
  1309 | D:2      | 1309 ||| FLEEEEING.
  1310 | D:2      | 1310 ||| FLEEEEING.
  1311 | D:2      | 1311 ||| FLEEEEING.
  1312 | D:2      | 1312 ||| FLEEEEING.
  1313 | D:2      | 1313 ||| FLEEEEING.
  1314 | D:2      | 1314 ||| FLEEEEING.
  1315 | D:2      | 1315 ||| FLEEEEING.
  1316 | D:2      | 1316 ||| FLEEEEING.
  1317 | D:2      | 1317 ||| FLEEEEING.
  1318 | D:2      | 1318 ||| FLEEEEING.
  1319 | D:2      | 1319 ||| FLEEEEING.
  1320 | D:2      | 1320 ||| FLEEEEING.
  1321 | D:2      | 1321 ||| FLEEEEING.
  1324 | D:2      | 1324 ||| FLEEEEING.
  1325 | D:2      | 1325 ||| FLEEEEING.
  1326 | D:2      | 1326 ||| FLEEEEING.
  1330 | D:2      | 1330 ||| FLEEEEING.
  1331 | D:2      | 1331 ||| FLEEEEING.
  1332 | D:2      | 1332 ||| FLEEEEING.
  1333 | D:2      | 1333 ||| FLEEEEING.
  1334 | D:2      | 1334 ||| FLEEEEING.
  1335 | D:2      | 1335 ||| FLEEEEING.
  1336 | D:2      | 1336 ||| FLEEEEING.
  1337 | D:2      | 1337 ||| FLEEEEING.
  1338 | D:2      | 1338 ||| FLEEEEING.
  1339 | D:2      | 1339 ||| FLEEEEING.
  1340 | D:2      | 1340 ||| FLEEEEING.
  1341 | D:2      | 1341 ||| FLEEEEING.
  1345 | D:2      | 1345 ||| FLEEEEING.
  1346 | D:2      | 1346 ||| FLEEEEING.
  1347 | D:2      | 1347 ||| FLEEEEING.
  1349 | D:2      | 1349 ||| STAIRDANCE
  1378 | D:1      | 1378 ||| READING scroll labelled ENUCEO WIAZY.
  1379 | D:1      | 1379 ||| DRINKING 2 black potions.
  1380 | D:1      | 1380 ||| DRINKING 2 brown potions.
  1381 | D:1      | 1381 ||| DROPPING potion of attraction.
  1631 | D:2      | 1631 ||| Stepping ~*~*~tactically~*~*~ (stealth).
  2151 | D:2      | 2151 ||| READING scroll labelled ITTYSMOLUE.
  2270 | D:3      | HP: 5/21 [orc priest/+0 hand axe (2)]
  2271 | D:3      | HP: 1/21 [orc priest/+0 hand axe (4)]
  2273 | D:3      | Slain by an orc priest

Levels and vault maps discovered:
D:1:      saegor_arrival_simple_d, layout_rooms,
          hellmonk_ecumenical_altar_pennies_from_heaven
D:2:      layout_basic, kennysheep_generic_room_4
D:3:      layout_basic, grunt_temple_overflow_lords_of_destruction,
          grunt_decor_arrowhead, hangedman_glass_teeth, uniq_grinder

Skill      XL: |  1  2  3 |
---------------+----------+-----
Axes           | 3 4 |  4.4
Fighting       | |  2.0
Throwing       | |  1.0
Armour         | |  1.1
Dodging        | |  2.1
Spellcasting   | |  2.0
Translocations | |  2.4

Action                   || total
-------------------------++-------
Melee: Hand axe          ||    88
       Kick              ||    25
       Peck              ||     9
Throw: Boomerang         ||     7
  Use: Scroll            ||     5
       Potion            ||     2
Armor: Leather armour    ||    13
       Chain mail        ||    12
Dodge: Dodged            ||    22

Table legend:
 A = Non-vault XP
 B = Vault XP
 C = Vault XP percentage of total XP
 D = Non-vault monster count
 E = Vault monster count
 F = Vault count percentage of total count
                 A         B        C        D         E       F
            +---------+---------+-------+---------+---------+-------
      Total |      70 |       0 |   0.0 |      39 |       0 |   0.0
            +---------+---------+-------+---------+---------+-------
        D:1 |      37 |       0 |   0.0 |      22 |       0 |   0.0
        D:2 |      31 |       0 |   0.0 |      16 |       0 |   0.0
        D:3 |       2 |       0 |   0.0 |       1 |       0 |   0.0
            +---------+---------+-------+---------+---------+-------
